 Dungeon Crawl Stone Soup version 0.29-a0-323-g050149af67 (webtiles) character file.

Game seed: 935029227377418389

117875 GordonOverkill the Crack Shot (level 16, -5/108 HPs)
             Began as a Deep Elf Hunter on Apr 12, 2022.
             Was an Initiate of Gozag.
             Slain by a ghoul (9 damage)
             ... on level 1 of the Swamp.
             The game lasted 01:17:08 (37964 turns).

GordonOverkill the Crack Shot (Deep Elf Hunter)    Turns: 37964, Time: 01:17:09

Health: -5/108     AC: 17    Str: 14    XL:     16   Next: 24%
Magic:  18/18      EV: 24    Int: 21    God:    Gozag
Gold:   9696       SH:  0    Dex: 22    Spells: 15/15 levels left

rFire   + . .      SeeInvis .   a - +4 shortbow (venom)
rCold   . . .      Faith    .   (shield currently unavailable)
rNeg    . . .      Spirit   .   G - +0 steam dragon scales
rPois   .          Reflect  .   (helmet restricted)
rElec   .          Harm     .   F - +0 cloak
rCorr   .          Rampage  .   x - +2 pair of gloves
Will    +....                   h - +1 pair of boots
Stlth   ++........              e - amulet of regeneration
HPRegen 1.08/turn               k - ring of Jetoh {*Corrode rF+ AC+4 Int+4 Dex+4}
MPRegen 0.16/turn               I - ring of flight

@: gold aura, flying
A: horns 1
a: Renounce Religion, Potion Petition, Call Merchant, Bribe Branch


You were on level 1 of the Swamp.
You worshipped Gozag.
Gozag was greatly pleased with you.
You visited 5 branches of the dungeon, and saw 25 of its levels.
You also visited: Ossuary and Volcano.

You collected 10309 gold pieces.
You spent 576 gold pieces at shops.
You paid 37 gold pieces to Gozag.

Inventory:

Hand Weapons
 a - a +4 shortbow of venom (weapon)
 b - a +3 short sword
 S - a +1 longbow of freezing
Missiles
 v - 11 curare-tipped darts
Armour
 h - a +1 pair of boots (worn)
 x - a +2 pair of gloves (worn)
 F - a +0 cloak (worn)
 G - +0 steam dragon scales (worn)
Jewellery
 d - a +4 ring of evasion
 e - an amulet of regeneration (around neck)
 k - the ring of Jetoh (left hand) {*Corrode rF+ AC+4 Int+4 Dex+4}
   (You found it on level 2 of the Dungeon)

   [ring of protection]

   AC:        It affects your AC (+4).
   Int:       It affects your intelligence (+4).
   Dex:       It affects your dexterity (+4).
   rF:        It protects you from fire.
   *Corrode:  It may corrode you when you take damage.
 I - a ring of flight (right hand)
 K - a ring of resist corrosion
 M - a ring of willpower
 Y - a ring of protection from fire
Wands
 i - a wand of polymorph (13)
 y - a wand of flame (46)
 A - a wand of digging (10)
 H - a wand of iceblast (2)
 Z - a wand of charming (5)
Scrolls
 c - a scroll of enchant armour
 g - 4 scrolls of blinking
 l - 8 scrolls of vulnerability
 o - 7 scrolls of fog
 s - 2 scrolls of teleportation
 B - 3 scrolls of fear
 L - 3 scrolls of silence
 P - 4 scrolls of identify
 R - a scroll of holy word
 U - a scroll of magic mapping
Potions
 j - 5 potions of berserk rage
 m - 12 potions of curing
 q - 4 potions of cancellation
 r - 3 potions of flight
 t - 4 potions of mutation
 w - a potion of might
 z - 6 potions of haste
 D - 11 potions of ambrosia
 E - 5 potions of lignification
 N - a potion of invisibility
 O - a potion of heal wounds
Miscellaneous
 Q - a lightning rod (inert)
 W - a condenser vane (inert)
 X - a box of beasts (inert)


   Skills:
 - Level 15.0 Fighting
 - Level 4.0 Short Blades
 + Level 21.6 Bows
 - Level 6.0 Armour
 - Level 15.0 Dodging
 - Level 1.2 Stealth
 - Level 10.0 Evocations


You had 15 spell levels left.
You didn't know any spells.
Your spell library contained the following spells:

 Spells                   Type           Power      Damage    Failure   Level
 Animate Skeleton         Necr           0%         N/A       19%         1
 Apportation              Tloc           0%         N/A       19%         1
 Freeze                   Ice            0%         1d3       19%         1
 Magic Dart               Conj           0%         1d3       19%         1
 Summon Small Mammal      Summ           0%         N/A       19%         1
 Blink                    Tloc           0%         N/A       26%         2
 Searing Ray              Conj           0%         2d4       26%         2
 Static Discharge         Conj/Air       0%         N/A       26%         2
 Dazzling Flash           Conj/Hex       0%         N/A       47%         3
 Frozen Ramparts          Ice            0%         1d2       47%         3
 Summon Guardian Golem    Hex/Summ       0%         N/A       47%         3
 Dispel Undead            Necr           0%         3d6       87%         4
 Fulminant Prism          Conj/Hex       0%         3d6       87%         4
 Hailstorm                Conj/Ice       0%         3d3       87%         4
 Ice Form                 Ice/Tmut       0%         N/A       87%         4
 Sticky Flame             Conj/Fire      0%         2d3       87%         4
 Agony                    Necr           0%         N/A       99%         5
 Alistair's Intoxication  Tmut/Pois      0%         N/A       99%         5
 Borgnjor's Vile Clutch   Necr/Erth      0%         N/A       99%         5
 Manifold Assault         Tloc           0%         N/A       99%         5
 Silence                  Hex/Air        0%         N/A       99%         5
 Eringya's Noxious Bog    Tmut/Pois      0%         N/A       100%        6
 Simulacrum               Ice/Necr       0%         N/A       100%        6
 Orb of Destruction       Conj           0%         9d5       100%        7
 Spellforged Servitor     Conj/Summ      0%         N/A       100%        7
 Storm Form               Tmut/Air       0%         N/A       100%        7


Dungeon Overview and Level Annotations

Branches:
Dungeon (15/15)            Temple (0/1) D:7            Lair (6/6) D:9
  Swamp (1/4) Lair:3        Snake (1/4) Lair:3        Slime (0/5) Lair:6
    Orc (2/2) D:9             Elf (0/3) Orc:2        Vaults (0/5) D:14
 Depths (0/4) D:15        Ossuary (visited)         Volcano (visited)

Altars:
Ashenzari
Cheibriados
Fedhas
Gozag
Hepliaklqana
Kikubaaqudgha
Makhleb
Nemelex Xobeh
Qazlal
Ru
Uskayaw
Vehumet
Wu Jian
Xom
Beogh

Shops:
D:9 (   D:15 !   Orc:1 =   Orc:2 (:([

Portals:
Hell: Lair:6
Trove: D:14 (give 17 scrolls of teleportation)

Annotations:
D:7 2 transporters
D:9 P0WERM0DE's ghost, journeyman DsAK
D:10 1 runed translucent door
D:11 5 runed translucent doors, Heedrag's ghost, journeyman MiFi
D:15 Roxanne
Snake:1 Frances
Orc:2 3 runed translucent doors, Ignak's ghost, journeyman GnWz


Innate Abilities, Weirdness & Mutations

You have a pair of small horns on your head.


Message History

The ghoul claws you but does no damage.
Shoot: a) +4 shortbow (venom)
Press: ? - help, Q - select action, (/) - cycle Shift-Dir - straight line, f/p - ghoul
Aim: a ghoul (severely damaged, 78% to hit)
You shoot an arrow. The arrow hits the ghoul!
The ghoul is almost destroyed.
Shoot: a) +4 shortbow (venom)
Press: ? - help, Q - select action, (/) - cycle Shift-Dir - straight line, f/p - ghoul
Aim: a ghoul (almost destroyed, 78% to hit)
You shoot an arrow.
The arrow hits the ghoul but does no damage.
The ghoul is almost destroyed.
The ghoul claws you but does no damage. The ghoul claws you!!
* * * LOW HITPOINT WARNING * * *
Shoot: a) +4 shortbow (venom)
Press: ? - help, Q - select action, (/) - cycle Shift-Dir - straight line, f/p - ghoul
Aim: a ghoul (almost destroyed, 78% to hit)
You shoot an arrow. The arrow hits the ghoul!
The ghoul is almost destroyed.
The ghoul claws you but does no damage. The ghoul claws you!!
* * * LOW HITPOINT WARNING * * *
Shoot: a) +4 shortbow (venom)
Press: ? - help, Q - select action, (/) - cycle Shift-Dir - straight line, f/p - ghoul
Aim: a ghoul (almost destroyed, 78% to hit)
You shoot an arrow. The arrow hits the ghoul.
The ghoul is almost destroyed.
Shoot: a) +4 shortbow (venom)
Press: ? - help, Q - select action, (/) - cycle Shift-Dir - straight line, f/p - ghoul
Aim: a ghoul (almost destroyed, 78% to hit)
You shoot an arrow. The arrow closely misses the ghoul.
The ghoul completely misses you. The ghoul claws you!!
* * * LOW HITPOINT WARNING * * *
Shoot: a) +4 shortbow (venom)
Press: ? - help, Q - select action, (/) - cycle Shift-Dir - straight line, f/p - ghoul
Aim: a ghoul (almost destroyed, 78% to hit)
You shoot an arrow. The arrow hits the ghoul.
The ghoul is almost destroyed.
The ghoul claws you!
You die...
Your body crumbles into a pile of gold.

♣..≈≈≈.≈≈..♣♣..♣
♣≈.<...♣≈≈≈.♣..♣
♣....♣.≈♣.♣♣..♣♣..♣
♣♣≈≈≈≈≈♣♣.♣♣...♣..♣
♣♣≈≈≈.♣ .♣♣.≈.♣.♣♣
♣♣.♣.. ♣♣..♣.♣
♣.♣♣≈ ♣..♣n♣ ♣♣ ≈≈
♣♣♣..♣n♣♣ ≈≈
♣....@♣.♣
♣.♣♣♣♣♣♣♣♣♣♣


You could see 2 ghouls.

Vanquished Creatures
  Saint Roka (Orc:2)
  Jorgrun (D:15)
  2 ghouls (Swamp:1)
  2 eleionomae (Swamp:1)
  2 dire elephants
  Azrael (D:15)
  Snorg (Lair:4)
  A fire dragon (D:14)
  An ettin (D:14)
  Josephine (Orc:1)
  A rakshasa (D:13)
  9 hydras
  8 boulder beetles
  A naga warrior (Lair:3)
  2 death knights
  8 two-headed ogres
  An anaconda (Snake:1)
  3 centaur warriors
  A tengu warrior (D:15)
  5 death yaks
  2 orc high priests (Orc:2)
  A sixfirhy (Lair:6)
  9 skeletal warriors
  Lodul (D:11)
  4 bog bodies
  A swamp dragon (Swamp:1)
  3 orc knights
  A wizard (Lair:6)
  A deep elf pyromancer (D:15)
  2 ugly things (D:13)
  4 orc sorcerers (Orc:2)
  6 manticores
  2 cyclopes
  2 salamanders
  11 black mambas
  Maurice (D:10)
  2 guardian serpents
  3 orange demons (Lair:6)
  2 naga magi
  An elephant (Lair:6)
  An unseen horror (D:10)
  16 cane toads
  5 rime drakes
  3 gargoyles
  Psyche (D:8)
  Maggie (D:7)
  A kobold demonologist (D:10)
  8 komodo dragons
  A hellwing (Lair:6)
  3 ice devils (Lair:6)
  A freezing wraith (D:13)
  3 meliai (D:12)
  8 trolls
  A queen bee (D:12)
  A hornet (D:8)
  22 blink frogs
  2 tyrant leeches
  2 harpy skeletons (Volcano)
  16 slime creatures
  6 dream sheep (Lair:6)
  3 flying skulls (Volcano)
  A centaur simulacrum (D:14)
  Sigmund (D:5)
  3 shadows
  A basilisk (D:9)
  7 wraiths
  2 fire elementals (D:15)
  16 humans (D:14)
  8 wyverns
  66 yaks
  5 neqoxecs (Orc:1)
  2 steam dragons
  11 vampire mosquitoes
  8 wargs
  Menkaure (D:7)
  7 swamp worms
  5 nagas
  3 acid dragons
  6 hell hounds
  8 water moccasins
  28 orc warriors
  A swamp drake (Swamp:1)
  2 sky beasts
  3 black bears
  An ice beast (D:6)
  9 ogres
  4 boggarts (D:15)
  44 wolves
  6 centaurs
  3 kobold brigands
  An elf zombie (Ossuary)
  9 bullfrogs
  3 necrophages
  2 scorpions
  10 wights
  3 gnoll sergeants
  An elf skeleton (D:5)
  35 killer bees
  5 howler monkeys
  12 electric eels
  A centaur zombie (Ossuary)
  4 crimson imps (D:4)
  2 human zombies (Ossuary)
  2 jellies (Lair:6)
  4 quasits (Orc:1)
  7 hounds
  20 orc priests
  A gnoll shaman (D:5)
  An iguana (D:9)
  Ijyb (D:3)
  4 human skeletons (D:5)
  Crazy Yiuf (D:7)
  28 orc wizards
  4 hell rats (Lair:5)
  2 mummies (Ossuary)
  20 gnolls
  10 adders
  4 shadow imps
  3 white imps
  2 adder zombies (Ossuary)
  A worm (D:3)
  4 dart slugs
  81 orcs
  9 bats
  7 endoplasms
  3 giant cockroaches
  7 goblins
  4 hobgoblins
  4 jackals (D:4)
  3 quokkas
  9 ball pythons
  2 frilled lizards
  A goblin zombie (Ossuary)
  8 hobgoblin zombies (Ossuary)
  2 jackal zombies (Ossuary)
  25 kobolds
  9 kobold zombies (Ossuary)
  An orc skeleton (D:5)
  10 orc zombies (Ossuary)
  7 rats
  A rat zombie (Ossuary)
878 creatures vanquished.

Vanquished Creatures (others)
  A killer bee (D:10)
  59 fungi
  82 plants
142 creatures vanquished.

Grand Total: 1020 creatures vanquished

Notes
Turn   | Place    | Note
-------+----------+-------------------------------------------
     0 | D:1      | GordonOverkill the Deep Elf Hunter began the quest for the
                  | Orb.
     0 | D:1      | Reached XP level 1. HP: 12/12 MP: 3/3
   230 | D:1      | Reached XP level 2. HP: 17/17 MP: 4/4
   407 | D:1      | Reached skill level 6 in Bows
   630 | D:2      | Reached XP level 3. HP: 6/21 MP: 5/5
   852 | D:2      | Identified the ring of Jetoh {*Corrode rF+ AC+4 Int+4
                  | Dex+4}
  1295 | D:3      | Found a radiant altar of Vehumet.
  1386 | D:3      | Found a hide-covered altar of Uskayaw.
  1398 | D:3      | Reached skill level 1 in Short Blades
  1402 | D:3      | Reached XP level 4. HP: 21/26 MP: 6/6
  1545 | D:3      | Noticed Ijyb
  1556 | D:3      | Killed Ijyb
  1557 | D:3      | Reached skill level 7 in Bows
  1561 | D:3      | Reached XP level 5. HP: 14/31 MP: 7/7
  1796 | D:3      | Found a sacrificial altar of Ru.
  1990 | D:3      | Found a faded altar of an unknown god.
  2024 | D:3      | Noticed a sky beast
  2055 | D:3      | Killed a sky beast
  2056 | D:3      | Reached skill level 1 in Evocations
  2056 | D:3      | Reached XP level 6. HP: 36/36 MP: 8/8
  2098 | D:3      | Found an opulent altar of Gozag.
  2560 | D:3      | Became a worshipper of Gozag Ym Sagoz the Greedy
  2650 | D:4      | Found an ornate altar of the Wu Jian Council.
  2947 | D:4      | Reached skill level 8 in Bows
  3111 | D:4      | Found a shimmering altar of Xom.
  3148 | D:4      | Reached XP level 7. HP: 39/41 MP: 9/9
  3394 | D:4      | Reached skill level 9 in Bows
  3612 | D:5      | Entered Level 5 of the Dungeon
  3844 | D:6      | Reached XP level 8. HP: 34/48 MP: 10/10
  3857 | D:6      | Reached skill level 10 in Bows
  4078 | D:5      | Found a sand-covered staircase.
  4085 | Ossuary  | Entered an ossuary
  4409 | Ossuary  | Reached skill level 11 in Bows
  4838 | D:5      | Reached skill level 5 in Evocations
  5033 | D:5      | Found a blossoming altar of Fedhas.
  5053 | D:5      | Noticed Sigmund
  5058 | D:5      | Killed Sigmund
  5059 | D:5      | Reached skill level 5 in Fighting
  5059 | D:5      | Reached XP level 9. HP: 54/54 MP: 11/11
  5217 | D:5      | Reached skill level 12 in Bows
  5757 | D:6      | Reached skill level 1 in Armour
  6169 | D:6      | Identified the +6 chain mail "Kaupadwu" {rPois Will- Int+9}
  6248 | D:7      | Noticed Maggie
  6447 | D:7      | Noticed a boulder beetle
  6936 | D:7      | Killed Maggie
  6937 | D:7      | Reached skill level 13 in Bows
  7885 | D:7      | Found a transporter.
  7913 | D:7      | Killed a boulder beetle
  7914 | D:7      | Reached skill level 14 in Bows
  7914 | D:7      | Reached XP level 10. HP: 51/59 MP: 12/12
  7996 | D:7      | Found a transporter.
  8023 | D:7      | Noticed Menkaure
  8026 | D:7      | Killed Menkaure
  8061 | D:7      | Found a staircase to the Ecumenical Temple.
  8170 | D:7      | Found a broken altar of Ashenzari.
  8354 | D:7      | Found a runed translucent door.
  8355 | D:7      | Noticed Crazy Yiuf
  8861 | D:7      | Killed Crazy Yiuf
  8986 | D:8      | Reached skill level 15 in Bows
  9502 | D:8      | Reached skill level 16 in Bows
  9541 | D:8      | Found an ancient bone altar of Kikubaaqudgha.
  9758 | D:8      | Noticed Psyche
 10056 | D:8      | Killed Psyche
 10431 | D:8      | Found a hazy altar of Hepliaklqana.
 10665 | D:9      | Found a sparkling altar of Nemelex Xobeh.
 10694 | D:9      | Reached skill level 5 in Dodging
 10694 | D:9      | Noticed a boulder beetle
 10712 | D:9      | Noticed a two-headed ogre
 10724 | D:9      | Reached XP level 11. HP: 44/64 MP: 13/13
 10724 | D:9      | Killed a boulder beetle
 10727 | D:9      | Killed a two-headed ogre
 10730 | D:9      | You fall into a shaft and drop 3 floors!
 10888 | D:13     | Noticed a skeletal warrior
 10889 | D:13     | Noticed a skeletal warrior
 10889 | D:13     | Noticed a skeletal warrior
 10913 | D:11     | Found a runed translucent door.
 10913 | D:11     | Found a shimmering altar of Xom.
 10913 | D:11     | Noticed Heedrag's ghost (journeyman MiFi)
 10914 | D:11     | Noticed a +1 war axe of chaos
 10945 | D:10     | Entered Level 10 of the Dungeon
 10945 | D:10     | Noticed Maurice
 10945 | D:10     | Found a stormy altar of Qazlal.
 11488 | D:10     | Killed Maurice
 11722 | D:10     | Noticed a two-headed ogre
 11724 | D:10     | Noticed a white ugly thing
 11870 | D:9      | Found a staircase to the Lair.
 12014 | D:9      | Identified the +1 flail "Mefoaremp" {vorpal, rC+}
 12036 | D:9      | Found Ylauzeidab's Weapon Shoppe.
 12038 | D:9      | Found a staircase to the Orcish Mines.
 12524 | D:10     | Found a runed translucent door.
 12644 | D:10     | Found a snail-covered altar of Cheibriados.
 13178 | D:11     | Noticed a boulder beetle
 13180 | D:11     | Noticed a four-headed hydra
 13190 | D:11     | Killed a four-headed hydra
 13215 | D:11     | Killed a boulder beetle
 13448 | D:11     | Reached XP level 12. HP: 60/73 MP: 14/14
 13526 | D:11     | Noticed a two-headed ogre
 13530 | D:11     | Killed a two-headed ogre
 13532 | D:11     | Noticed a two-headed ogre
 13537 | D:11     | Noticed a two-headed ogre
 13538 | D:11     | Noticed Lodul
 13540 | D:11     | Killed a two-headed ogre
 13863 | D:11     | Killed a two-headed ogre
 13864 | D:11     | Reached skill level 10 in Evocations
 13867 | D:11     | Killed Lodul
 13975 | D:11     | Reached skill level 10 in Dodging
 14077 | D:11     | Found a huge runed translucent gate.
 14077 | D:11     | Found a huge runed translucent gate.
 14077 | D:11     | Found a huge runed translucent gate.
 14077 | D:11     | Found a huge runed translucent gate.
 14081 | D:11     | Noticed a two-headed ogre
 14089 | D:11     | Killed a two-headed ogre
 14723 | D:12     | Noticed a boulder beetle
 14736 | D:12     | Killed a boulder beetle
 15051 | D:12     | Reached skill level 10 in Fighting
 15335 | D:12     | Noticed a two-headed ogre
 15346 | D:12     | Killed a two-headed ogre
 16257 | D:13     | You fall into a shaft and drop 2 floors!
 16257 | D:15     | Entered Level 15 of the Dungeon
 16257 | D:15     | Noticed a five-headed hydra
 16267 | D:15     | Killed a five-headed hydra
 16352 | D:14     | Reached XP level 13. HP: 83/83 MP: 15/15
 16365 | D:14     | Reached skill level 5 in Armour
 16712 | D:14     | Noticed a fire dragon
 16723 | D:14     | Killed a fire dragon
 16829 | D:14     | Found a gate to the Vaults.
 16860 | D:14     | Found a portal to a secret trove of treasure.
 17366 | D:14     | Noticed an ettin
 17366 | D:14     | a very large slime creature changed into an ettin
 17393 | D:14     | Killed an ettin
 18288 | D:15     | Noticed Jorgrun
 18308 | D:15     | Killed Jorgrun
 18555 | D:15     | Found a staircase to the Depths.
 18555 | D:15     | Noticed a dire elephant
 18643 | D:15     | Killed a dire elephant
 19075 | D:15     | Noticed Azrael
 19088 | D:15     | Killed Azrael
 19179 | D:15     | Found Loce Dim's Distillery.
 19186 | D:15     | Noticed Roxanne
 19777 | D:13     | Reached XP level 14. HP: 92/92 MP: 16/16
 22382 | Orc:1    | Entered Level 1 of the Orcish Mines
 22382 | Orc:1    | Found Buzoa's Jewellery Emporium.
 22382 | Orc:1    | You fall into a shaft and drop 1 floor!
 22382 | Orc:2    | Entered Level 2 of the Orcish Mines
 22482 | Orc:2    | Found Raturokk's Antique Weapon Boutique.
 22878 | Orc:2    | Found a runed translucent gate.
 22878 | Orc:2    | Found a runed translucent gate.
 22878 | Orc:2    | Found a runed translucent gate.
 22922 | Orc:2    | Noticed Ignak's ghost (journeyman GnWz)
 22968 | Orc:2    | Found a staircase to the Elven Halls.
 23034 | Orc:2    | Reached skill level 15 in Dodging
 23162 | Orc:1    | Noticed Josephine
 23167 | Orc:1    | Killed Josephine
 23360 | Orc:1    | Found a transporter.
 23388 | Orc:1    | Found a transporter.
 23409 | Orc:1    | Noticed P0WERM0DE's ghost (journeyman DsAK)
 24664 | Orc:1    | Gained mutation: You tend to lose your temper in combat. [a
                  | neqoxec]
 24668 | Orc:1    | Gained mutation: You have hidden genetic defects. [a
                  | neqoxec]
 24685 | Orc:1    | Gained mutation: You are frail. (-10% HP) [a neqoxec]
 24692 | Orc:1    | Lost mutation: You have hidden genetic defects. [potion of
                  | mutation]
 24692 | Orc:1    | Lost mutation: You tend to lose your temper in combat.
                  | [potion of mutation]
 24692 | Orc:1    | Gained mutation: You have sharp toenails. [potion of
                  | mutation]
 24692 | Orc:1    | Gained mutation: You have a pair of small antennae on your
                  | head. [potion of mutation]
 24693 | Orc:1    | Lost mutation: You have sharp toenails. [potion of
                  | mutation]
 24693 | Orc:1    | Lost mutation: You are frail. (-10% HP) [potion of
                  | mutation]
 24693 | Orc:1    | Lost mutation: You have a pair of small antennae on your
                  | head. [potion of mutation]
 24693 | Orc:1    | Gained mutation: You have sharp toenails. [potion of
                  | mutation]
 24693 | Orc:1    | Gained mutation: You sometimes lose the ability to read
                  | scrolls when taking damage. [potion of mutation]
 24693 | Orc:1    | Gained mutation: You are weak. (Str -2) [potion of
                  | mutation]
 24694 | Orc:1    | Lost mutation: You sometimes lose the ability to read
                  | scrolls when taking damage. [potion of mutation]
 24694 | Orc:1    | Lost mutation: You have sharp toenails. [potion of
                  | mutation]
 24694 | Orc:1    | Lost mutation: You are weak. (Str -2) [potion of mutation]
 24694 | Orc:1    | Gained mutation: You have a pair of small horns on your
                  | head. [potion of mutation]
 24936 | Orc:2    | Noticed Saint Roka
 25986 | Orc:2    | Killed Saint Roka
 26567 | Orc:2    | Found Eleduriq's Antique Weapon Boutique.
 26569 | Orc:2    | Found Acyp's Antique Armour Shop.
 26777 | Orc:2    | Found Goaquf's Book Emporium.
 26889 | Orc:1    | Bought a +4 ring of evasion for 576 gold pieces
 26913 | Lair:1   | Entered Level 1 of the Lair of Beasts
 27951 | Lair:1   | Reached XP level 15. HP: 101/101 MP: 17/17
 28223 | Lair:2   | Found a dark tunnel.
 28230 | Volcano  | Entered a volcano
 29617 | Lair:2   | Reached skill level 15 in Fighting
 30554 | Lair:3   | Found a staircase to the Snake Pit.
 30910 | Lair:3   | Found a staircase to the Swamp.
 31602 | Lair:4   | Noticed Snorg
 31610 | Lair:4   | Killed Snorg
 31611 | Lair:4   | Reached skill level 17 in Bows
 32473 | Lair:4   | Reached skill level 18 in Bows
 33852 | Lair:6   | Entered Level 6 of the Lair of Beasts
 33984 | Lair:6   | Reached skill level 19 in Bows
 34604 | Lair:6   | Found a staircase to the Slime Pits.
 35104 | Lair:6   | Found a burning altar of Makhleb.
 35271 | Lair:6   | Reached skill level 20 in Bows
 35360 | Lair:6   | Found a gateway to Hell.
 35835 | Lair:6   | Reached XP level 16. HP: 84/108 MP: 18/18
 36536 | Snake:1  | Entered Level 1 of the Snake Pit
 36906 | Snake:1  | Noticed Frances
 36939 | Snake:1  | Reached skill level 21 in Bows
 37418 | Swamp:1  | Entered Level 1 of the Swamp
 37963 | Swamp:1  | HP: 3/108 [ghoul (20)]
 37964 | Swamp:1  | Slain by a ghoul

Illustrated notes

Levels and vault maps discovered:
D:1:      spicycebolla_arrival_teleporter_tutorial, layout_basic, minivault_24,
          minivault_25
D:2:      layout_rooms, minmay_misc_feat_iff, minmay_heptomino_l4
D:3:      layout_basic, mainiacjoe_overflow_alcove_1, marbit_many_paths,
          lemuel_round_altar, mainiacjoe_overflow_24_doors,
          ebering_ecumenical_altar_sacrificial, uniq_ijyb
D:4:      layout_basic, mainiacjoe_overflow_small_starburst, led_xom_imps,
          serial_park_tiny_2
D:5:      layout_rooms, fedhas_altar_3, nicolae_ossuary_entry_catacombs,
          grunt_decor_resistance, hex_intersection, dreamdust_gnoll_farm,
          uniq_sigmund
D:6:      layout_basic, minivault_27, minmay_misc_feat_tiny
D:7:      gammafunk_steamed_eel, layout_loops_corners, kennysheep_little_box,
          minmay_temple_entry_ruins, serial_bayou, serial_bayou_ford_a,
          serial_bayou_shore_a, serial_bayou_lake_a, serial_bayou_crossing,
          serial_bayou_pond_e, serial_bayou_pond_d, uniq_maggie,
          uniq_crazy_yiuf_cottage, uniq_menkaure
D:8:      layout_loops_ring, nicolae_kikubaaqudgha_miasma_corner,
          nicolae_overflow_hidden_temple, serial_park_tiny_pond, dk_vineyard_3,
          kennysheep_cross_bottleneck, nicolae_lava_and_water,
          minmay_misc_feat_x, uniq_psyche
D:9:      layout_roguey, nemelex_spade_bored_becter, minmay_lair_entry_grove,
          orc_david_3
D:10:     layout_cave_pods, grunt_qazlal_clouds, general_overflow_altar,
          minmay_st_funbox, minmay_puff, uniq_maurice
D:11:     lemuel_bear_cage, layout_rooms, ebering_ghost_xom,
          serial_co_window_serial, co_window_paths_b, co_window_paths_a,
          co_window_of_opportunity_a, co_window_paths_a, co_window_paths_a,
          co_window_of_opportunity_a, co_window_paths_b, co_window_paths_b,
          co_window_paths_a, co_window_cross_4, co_window_corner_cb,
          co_window_corner_b, co_window_2corner, co_window_unsneaky_path_a,
          co_window_broadway_c, co_window_4corner_b, glass_columns_a,
          glass_columns_a, uniq_lodul
D:12:     layout_roguey [special_room_bee]
D:13:     layout_long_grid, gauntlet_entry_generic, kennysheep_doodads
D:14:     layout_basic, david_vaults_3, nrook_uturn, enter_trove_2
D:15:     hangedman_depths_entry_try_elsewhere_first, layout_basic,
          serial_shops, nicolae_shop_stone,
          nicolae_concentric_dashed_squares_mild, evilmike_butchery,
          uniq_azrael, uniq_jorgrun, uniq_roxanne
Lair:1:   layout_regular_city, worms_lemuel, infiniplex_staircase_pool_2
Lair:2:   layout_small_grid, nicolae_volcano_entry_hallway,
          beast_lair_carwin_11, grunt_megastairs_5
Lair:3:   layout_gridlike, nicolae_swamp_entry_splash_gauntlet,
          guppyfry_snake_entry_island, minmay_holes, beast_lair_carwin_5
Lair:4:   layout_small_grid, grunt_forest_large_clearings, uniq_snorg
Lair:5:   layout_misc_corridors
Lair:6:   evil_forest, layout_layer_cave, minmay_slime_entry_pillars,
          infiniplex_staircase_pool, lemuel_fruit_tree
Swamp:1:  layout_falls_marsh, nicolae_swamp_small_spring
Snake:1:  hangedman_cross_stitches, layout_basic, serial_shops, shop,
          serial_bayou_shore_b, uniq_frances
Orc:1:    layout_caves, gammafunk_ghost_stat_death, serial_shops, shop,
          uniq_josephine
Orc:2:    grunt_orc_community_town_hall, layout_diamond_mine,
          grunt_orc_community_big_house_1, grunt_orc_community_big_house_1,
          grunt_orc_community_house_3, grunt_orc_community_house_1,
          grunt_orc_community_house_2, grunt_orc_community_house_3,
          maelrawn_ghost_gauntlet_escape, mines_bat_river

Skill      XL: |  1  2  3  4  5  6  7  8  9 10 11 12 13 14 15 16 |
---------------+-------------------------------------------------+-----
Bows           | 6 7 8 9 11 14 16 20 21 | 21.6
Fighting       | 2 3 5 6 7 10 12 14 15 | 15.0
Short Blades   | 1 2 3 4 |  4.0
Evocations     | 1 2 3 5 6 9 10 | 10.0
Armour         | 3 4 6 |  6.0
Dodging        | 5 8 10 13 15 | 15.0
Stealth        | |  1.2

Action                   |  1- 3 |  4- 6 |  7- 9 | 10-12 | 13-15 | 16-18 || total
-------------------------+-------+-------+-------+-------+-------+-------++-------
Melee: Shortbow          |       |       |       |     1 |       |       ||     1
 Fire: Shortbow          |    79 |    85 |   381 |   720 |  2304 |   226 ||  3795
Evoke: Wand              |       |       |     8 |    30 |    25 |     1 ||    64
       Lightning rod     |       |       |       |       |     5 |     5 ||    10
       Box of beasts     |       |       |       |       |       |     1 ||     1
       Condenser vane    |       |       |       |       |       |     1 ||     1
  Use: Scroll            |    10 |       |    11 |    11 |    19 |     2 ||    53
       Potion            |       |       |       |       |     8 |     2 ||    10
Armor: Leather armour    |     6 |     8 |    36 |       |       |       ||    50
       Chain mail        |       |       |    13 |    57 |       |       ||    70
       Scale mail        |       |       |     3 |       |       |       ||     3
       Steam dragon scal |       |       |       |    37 |   158 |    26 ||   221
Dodge: Dodged            |    13 |    12 |    77 |   142 |   807 |   145 ||  1196

Table legend: (Time is in decaauts)
 A = Elapsed time spent in this place.
 B = Non-inter-level travel time spent in this place.
 C = Inter-level travel time spent in this place.
 D = Time resting spent in this place.
 E = Time spent auto-exploring this place.
 F = Levels seen in this place.
 G = Mean time per level.
                   A        B        C        D        E       F      G
               +--------+--------+--------+--------+--------+-----+--------+
         Total |  37284 |  34939 |   2345 |  12117 |  15671 |  27 | 1380.9 |
       Dungeon |  22629 |  21034 |   1595 |   7506 |   9465 |  15 | 1508.6 |
          Lair |   9348 |   8732 |    616 |   2587 |   4656 |   6 | 1558.0 |
         Swamp |    520 |    520 |      0 |    229 |    126 |   1 |  520.0 |
     Snake Pit |    413 |    413 |      0 |    148 |     82 |   1 |  413.0 |
  Orcish Mines |   3695 |   3564 |    131 |   1437 |   1280 |   2 | 1847.5 |
       Ossuary |    553 |    553 |      0 |    208 |     19 |   1 |  553.0 |
       Volcano |    123 |    123 |      0 |      1 |     41 |   1 |  123.0 |
               +--------+--------+--------+--------+--------+-----+--------+

Top non-repeatable levels by time:
   Orc:2: 2708 daAuts
  Lair:6: 2534 daAuts
    D:12: 2429 daAuts
     D:7: 2309 daAuts
     D:6: 1882 daAuts
    D:13: 1874 daAuts
    D:15: 1831 daAuts
  Lair:3: 1786 daAuts
    D:11: 1750 daAuts
    D:10: 1676 daAuts
     D:8: 1595 daAuts
  Lair:2: 1591 daAuts
    D:14: 1479 daAuts
     D:3: 1379 daAuts
  Lair:4: 1323 daAuts
